 Dungeon Crawl Stone Soup version 0.26.0-41-g79a4fc7684 (webtiles) character file.

Game seed: 5820904511383483661

16 kreisler the Sneak (level 2, 0/19 HPs)
             Began as an Octopode Brigand on Jan 26, 2021.
             Slain by a bat (1 damage)
             ... on level 1 of the Dungeon.
             The game lasted 00:02:01 (526 turns).

kreisler the Sneak (Octopode Brigand)                Turns: 526, Time: 00:02:01

Health: 0/19       AC:  1    Str: 10    XL:     2   Next: 54%
Magic:  2/2        EV: 13    Int: 13    God:
Gold:   51         SH:  0    Dex: 13    Spells: 1/1 levels left

rFire    . . .     SeeInvis .   a - +2 dagger
rCold    . . .     Faith    .   (no shield)
rNeg     . . .     Spirit   .   (helmet restricted)
rPois    .         Reflect  .   (no amulet)
rElec    .         Harm     .   (no ring)
rCorr    .         Rampage  .   (no ring)
Will     .....                  (no ring)
Stlth    ++++......             (no ring)
HPRegen  0.06/turn              (no ring)
MPRegen  0.08/turn              (no ring)
                                (no ring)
                                (no ring)

@: lethally poisoned (0 -> -6)
A: almost no armour, stealthy swim, amphibious, 8 rings, constrict 8, camouflage
1, gelatinous body 1
a: no special abilities


You were on level 1 of the Dungeon.
You visited 1 branch of the dungeon, and saw 1 of its levels.

You collected 51 gold pieces.

Inventory:

Hand Weapons
 a - a +2 dagger (weapon)
 f - a +2 dagger of draining
Missiles
 b - 15 poisoned darts (quivered)
 c - 2 curare-tipped darts
Armour
 g - a scarf of resistance
Jewellery
 i - a +6 ring of dexterity {unknown}
Scrolls
 h - a scroll of remove curse


   Skills:
 + Level 2.0 Fighting
 + Level 2.0 Short Blades
 + Level 2.0 Throwing
 + Level 1.0 Dodging
 + Level 6.2 Stealth


You had one spell level left.
You didn't know any spells.
Your spell library was empty.

Dungeon Overview and Level Annotations

Branches:
Dungeon (1/15)

Altars:


Innate Abilities, Weirdness & Mutations

You cannot wear most types of armour.
You are very stealthy in the water. (Stealth+)
You are amphibious.
You can wear up to eight rings at the same time.
You can use your tentacles to constrict eight enemies at once.
Your skin changes colour to match your surroundings (Stealth+).
Your rubbery body absorbs attacks. (AC +1, EV +1)


Message History

The ball python constricts you. The hobgoblin barely misses you.
You escape the ball python's grasp.
You release your grip on the ball python.
* * * LOW HITPOINT WARNING * * *
You feel sick.
You hit the ball python.
You kill the ball python!
* * * LOW HITPOINT WARNING * * *
You feel sick. The bat hits you.
* * * LOW HITPOINT WARNING * * *
* * * LOW HITPOINT WARNING * * *
You feel sick. The bat completely misses you.
The bat hits you but does no damage.
* * * LOW HITPOINT WARNING * * *
You feel sick. The bat closely misses you.
As you read the scroll labelled SOITEO VAAC, it crumbles to dust.
It is a scroll of identify.
h - a scroll of remove curse The bat closely misses you.
The bat hits you.
You die...

#..!..### #....)..##
####.##g.#######
#.##..>.....#
..##g.......#
..###..g....†# #.#
#........# .. ####b#####
.##.....# #@# ....#.....#
#.#
..........######.########
....#...................#
....#.....###...........#
....#.....# ##..........#
....#.....####..........#
........................#
....#.....####.....^....#


You could see 3 hobgoblins and a bat.

Vanquished Creatures
  A dart slug (D:1)
  2 goblins (D:1)
  A hobgoblin (D:1)
  3 kobolds (D:1)
  2 ball pythons (D:1)
  2 bats (D:1)
  2 frilled lizards (D:1)
  A rat (D:1)
14 creatures vanquished.

Notes
Turn   | Place    | Note
-------+----------+-------------------------------------------
     0 | D:1      | kreisler the Octopode Brigand began the quest for the Orb.
     0 | D:1      | Reached XP level 1. HP: 14/14 MP: 1/1
   419 | D:1      | Reached XP level 2. HP: 19/19 MP: 2/2
   487 | D:1      | Reached skill level 6 in Stealth
   526 | D:1      | Slain by a bat

Illustrated notes

Levels and vault maps discovered:
D:1:      heliophobic_arrival_dark_side_of_the_moon, layout_rooms

Skill      XL: |  1  2 |
---------------+-------+-----
Stealth        | 6 |  6.2
Fighting       | |  2.0
Short Blades   | |  2.0
Throwing       | |  2.0
Dodging        | |  1.0

Action                   || total
-------------------------++-------
Melee: Dagger            ||    26
       Constrict         ||     6
Throw: Dart              ||     1
  Use: Scroll            ||     2
 Stab: Sleeping          ||     5
Armor: Skin              ||     3
Dodge: Dodged            ||    19
